 Dungeon Crawl Stone Soup version 0.19.0-17-g07987d3 (webtiles) character file.

7 kroki the Chopper (level 1, 0/16 HPs)
             Began as a Demonspawn Gladiator on Nov 10, 2016.
             Slain by a kobold
             ... wielding a +0 short sword
              (5 damage)
             ... on level 1 of the Dungeon.
             The game lasted 00:00:09 (368 turns).

kroki the Chopper (Demonspawn Gladiator)             Turns: 368, Time: 00:00:10

Health: 0/16       AC:  4    Str: 15    XL:     1   Next: 83%
Magic:  1/1        EV: 12    Int:  9    God:
Gold:   18         SH:  0    Dex: 13    Spells: 0 memorised, 0 levels left

rFire  . . .     SeeInvis .     a - +0 war axe
rCold  . . .     Gourm    .     b - +0 leather armour
rNeg   . . .     Faith    .     (no shield)
rPois  .         Spirit   .     c - +0 helmet
rElec  .         Reflect  .     (no cloak)
rCorr  .         Harm     .     (no gloves)
MR     .....                    (no boots)
Stlth  +.........               (no amulet)
                                (no ring)
                                (no ring)

@: no status effects
A: no striking features
a: no special abilities


You were on level 1 of the Dungeon.
You were not hungry.

You visited 1 branch of the dungeon, and saw 1 of its levels.

You collected 18 gold pieces.

Inventory:

Hand Weapons
 a - a +0 war axe (weapon)
Missiles
 d - 3 throwing nets {=f, !d}
Armour
 b - a +0 leather armour (worn)
 c - a +0 helmet (worn)
Potions
 e - a potion of flight {unknown}
 i - a potion of berserk rage {unknown}
Comestibles
 f - a bread ration {@e1}
 g - 4 chunks of flesh {@w0}
 h - a meat ration {@e2}


   Skills:
 - Level 2.0 Fighting
 + Level 3.1 Axes
 - Level 1.8 Throwing
 - Level 2.6 Dodging


You couldn't memorise any spells.
You didn't know any spells.

Dungeon Overview and Level Annotations

Branches:
Dungeon (1/15)

Altars:


Message History

A kobold comes into view. It is wielding a short sword.
There are monsters nearby!
The kobold shouts!
The kobold throws a stone.
The stone barely misses you.
There are monsters nearby!
There are monsters nearby!
Your leather armour prevents you from hitting the goblin.
The kobold throws a stone.
The stone hits you. The goblin hits you.
The goblin hits you but does no damage.
You take 3 damage, and have 13/16 hp.
There are monsters nearby!
You slash the goblin!
You kill the goblin!
The kobold throws a stone.
The stone misses you.
A kobold is nearby!
A kobold is nearby!
A kobold is nearby!
You completely miss the kobold. The kobold hits you with a short sword.
You take 2 damage, and have 11/16 hp.
A kobold is nearby!
You are too injured to fight recklessly!
A kobold is nearby!
You are too injured to fight recklessly!
A kobold is nearby!
You are too injured to fight recklessly!
A kobold is nearby!
You are too injured to fight recklessly!
A kobold is nearby!
You are too injured to fight recklessly!
A kobold is nearby!
You are too injured to fight recklessly!
A kobold is nearby!
You are too injured to fight recklessly!
A kobold is nearby!
You are too injured to fight recklessly!
A kobold is nearby!
You are too injured to fight recklessly!
A kobold is nearby!
You are too injured to fight recklessly!
A kobold is nearby!
You are too injured to fight recklessly!
A kobold is nearby!
You are too injured to fight recklessly!
A kobold is nearby!
You are too injured to fight recklessly!
A kobold is nearby!
You are too injured to fight recklessly!
A kobold is nearby!
You are too injured to fight recklessly!
A kobold is nearby!
You are too injured to fight recklessly!
A kobold is nearby!
You are too injured to fight recklessly!
A kobold is nearby!
You are too injured to fight recklessly!
You closely miss the kobold. The kobold hits you with a short sword.
You take 3 damage, and have 8/16 hp.
Unknown command.
You barely miss the kobold. The kobold hits you with a short sword.
The kobold hits you but does no damage.
You take 1 damage, and have 7/16 hp.
A kobold is nearby!
You are too injured to fight recklessly!
You barely miss the kobold. The kobold closely misses you.
Unknown command.
A kobold is nearby!
You are too injured to fight recklessly!
You hit the kobold but do no damage. The kobold closely misses you.
The kobold hits you but does no damage.
You closely miss the kobold. The kobold closely misses you.
A kobold is nearby!
You are too injured to fight recklessly!
You closely miss the kobold. The kobold hits you with a short sword.
Some of the chunks of flesh in your inventory have rotted away.
You take 1 damage, and have 6/16 hp.
A kobold is nearby!
You are too injured to fight recklessly!
You hit the kobold but do no damage. The kobold barely misses you.
A kobold is nearby!
You are too injured to fight recklessly!
You barely miss the kobold. The kobold closely misses you.
The kobold hits you with a short sword.
* * * LOW HITPOINT WARNING * * *
You take 2 damage, and have 4/16 hp.
You barely miss the kobold. The kobold hits you but does no damage.
A kobold is nearby!
You are too injured to fight recklessly!
A kobold is nearby!
You are too injured to fight recklessly!
You barely miss the kobold. The kobold completely misses you.
The kobold barely misses you.
You closely miss the kobold. The kobold barely misses you.
A goblin comes into view. It is wielding a dagger.
There are monsters nearby!
You are too injured to fight recklessly!
Unknown command.
You miss the kobold.
The goblin shouts!
The kobold hits you with a short sword.
You die...

#########
#...####....#..
........#
#.............
#########
#............#
#............#
#............#
#..........).#
#............#
#.g##............#
#..K@...(......
###.##+#+####. ...
..... .......
....... ....... .
....... .


You could see a goblin and a kobold.

Vanquished Creatures
  A goblin (D:1)
  A hobgoblin (D:1)
  A ball python (D:1)
  A bat (D:1)
  A frilled lizard (D:1)
  2 kobolds (D:1)
7 creatures vanquished.

Notes
Turn   | Place    | Note
-------+----------+-------------------------------------------
     0 | D:1      | kroki the Demonspawn Gladiator began the quest for the Orb.
     0 | D:1      | Reached XP level 1. HP: 16/16 MP: 1/1
   147 | D:1      | Reached skill level 3 in Axes
   364 | D:1      | HP: 4/16 [kobold/short sword (2)]
   368 | D:1      | Slain by a kobold

Skill      XL: |  1 |
---------------+----+-----
Axes           | 3 |  3.1
Fighting       | |  2.0
Throwing       | |  1.8
Dodging        | |  2.6

Action                   || total
-------------------------++-------
Melee: War axe           ||    34
Armor: Leather armour    ||     8
Dodge: Dodged            ||    24

Vault maps used:
D:1:      dpeg_arrival_erosion, st_stairs_12, grunt_decor_clamped

Table legend:
 A = Turns spent in this place as a percentage of turns spent in the entire game.
 B = Non-inter-level travel turns spent in this place as a percentage of non-inter-level travel turns spent in the entire game.
 C = Inter-level travel turns spent in this place as a percentage of turns spent in this place.
 D = Turns resting spent in this place as a percentage of non-inter-level travel turns spent in this place.
 E = Turns spent auto-exploring this place as a percentage of non-inter-level travel turns spent in this place.
 F = Non-inter-level travel turns spent in this place divided by the number of levels of this place that you've seen.
                   A       B       C       D       E      F
               +-------+-------+-------+-------+-------+----------------------
         Total | 100.0 | 100.0 |   0.0 |   0.0 |   7.2 | 167.0
       Dungeon | 100.0 | 100.0 |   0.0 |   0.0 |   7.2 | 167.0
               +-------+-------+-------+-------+-------+----------------------

Table legend:
 A = Kills in this place as a percentage of kills in entire the game.
 B = Kills by you in this place as a percentage of kills by you in the entire game.
 C = Kills by friends in this place as a percentage of kills by friends in the entire game.
 D = Other kills in this place as a percentage of other kills in the entire game.
 E = Experience gained in this place as a percentage of experience gained in the entire game.
 F = Experience gained in this place divided by the number of levels of this place that you have seen.
                   A       B       C       D       E      F
               +-------+-------+-------+-------+-------+----------------------
         Total | 100.0 | 100.0 |  -nan |  -nan | 100.0 |  10.0
       Dungeon | 100.0 | 100.0 |  -nan |  -nan | 100.0 |  10.0
               +-------+-------+-------+-------+-------+----------------------
